 Dungeon Crawl Stone Soup version 0.26.1-11-gd32895ea62 (webtiles) character file.

Game seed: 7206702182902715934

25 rhet the Gusty (level 3, 0/19 HPs)
             Began as a Tengu Air Elementalist on June 27, 2021.
             Succumbed to an adder's poison
             ... on level 1 of the Dungeon.
             The game lasted 00:03:37 (1956 turns).

rhet the Gusty (Tengu Air Elementalist)             Turns: 1956, Time: 00:03:38

Health: 0/19       AC:  2    Str:  8    XL:     3   Next: 4%
Magic:  7/7        EV: 13    Int: 16    God:
Gold:   67         SH:  0    Dex: 14    Spells: 0/6 levels left

rFire    . . .     SeeInvis .   g - +0 whip (pain)
rCold    . . .     Faith    .   (no shield)
rNeg     . . .     Spirit   .   a - +0 robe
rPois    .         Reflect  .   (helmet restricted)
rElec    .         Harm     .   (no cloak)
rCorr    .         Rampage  .   (no gloves)
Will     .....                  (boots unavailable)
Stlth    ++........             (no amulet)
HPRegen  0.06/turn              (no ring)
MPRegen  0.10/turn              (no ring)

@: lethally poisoned (0 -> -9)
A: beak, talons 3
a: no special abilities


You were on level 1 of the Dungeon.
You visited 1 branch of the dungeon, and saw 2 of its levels.

You collected 67 gold pieces.

Inventory:

Hand Weapons
 g - a +0 whip of pain (weapon)
Armour
 a - a +0 robe (worn)
Jewellery
 b - a cursed -4 ring of dexterity {unknown}
 h - an uncursed amulet of faith {unknown}
Scrolls
 c - 3 scrolls of remove curse
 d - a scroll of noise {unknown}
 e - a scroll of fog {unknown}
Potions
 f - 2 potions of cancellation


   Skills:
 + Level 2.4 Dodging
 - Level 2.0 Stealth
 + Level 2.2 Spellcasting
 * Level 2.4 Conjurations
 * Level 4.5 Air Magic


You couldn't memorise any spells.
You knew the following spells:

 Your Spells              Type           Power        Failure   Level
a - Shock                 Conj/Air       48%          4%          1
b - Swiftness             Air            16%          4%          2
c - Static Discharge      Conj/Air       12%          14%         3

Your spell library contained the following spells:

 Spells                   Type           Power        Failure   Level
 Airstrike                Air            8%           30%         4
 Lightning Bolt           Conj/Air       6%           80%         5


Dungeon Overview and Level Annotations

Branches:
Dungeon (2/15)

Altars:


Innate Abilities, Weirdness & Mutations

You have a beak for a mouth.
You have claws for feet.


Message History

The adder poisons you! The jackal bites you. The adder bites you.
You are lethally poisoned!
The adder poisons you! The jackal barely misses you.
The jackal moves out of view.
There is a stone staircase leading up here.
Unknown command.
You feel sick. The adder bites you. The jackal bites you.
* * * LOW HITPOINT WARNING * * *
You climb upwards.
* * * LOW HITPOINT WARNING * * *
You feel sick.
There is a stone staircase leading down here.
Unknown command.
Okay, then.
Okay, then.
As you read the scroll labelled QOUQOTZ NERYA, it crumbles to dust.
You feel blessed for a moment.
It was a scroll of remove curse.
The adder misses you. The jackal completely misses you. The adder bites you.
* * * LOW HITPOINT WARNING * * *
You die...

#...............###
#.#####............
#.# #...#####....
#.# ####.## #.###
#.###....## #.#
#.##.##...# #.#
#.#.###...#####.###
#...........#......
##@##.........#.###
###>##.......###.#
#.hS..........##.#
#
#.###......##.##.#
# #.#
##....###.##.# #
#.# #..#.# #.##># #
#)####..#.###.##.#
#
#.##....#........#
#
#.##.#.#####..####
#


You could see an adder and a jackal.

Vanquished Creatures
  A dart slug (D:1)
  2 giant cockroaches (D:1)
  5 goblins (D:1)
  3 jackals (D:1)
  A ball python (D:1)
  A bat (D:1)
  2 frilled lizards (D:1)
  A kobold (D:1)
  8 rats (D:1)
24 creatures vanquished.

Notes
Turn   | Place    | Note
-------+----------+-------------------------------------------
     0 | D:1      | rhet the Tengu Air Elementalist began the quest for the
                  | Orb.
     0 | D:1      | Reached XP level 1. HP: 10/10 MP: 4/4
   297 | D:1      | Reached XP level 2. HP: 15/15 MP: 3/6
  1264 | D:1      | Reached XP level 3. HP: 11/19 MP: 5/7
  1336 | D:1      | Learned a level 2 spell: Swiftness
  1340 | D:1      | Learned a level 3 spell: Static Discharge
  1956 | D:1      | Succumbed to an adder's poison

Illustrated notes

Levels and vault maps discovered:
D:1:      wheals_arrival_linesprint, layout_loops_ring, minmay_misc_feat_chi
D:2:      minmay_roachtagon, layout_rooms, kennysheep_slug_shrine,
          minmay_strange_pillars, minmay_distorted

Skill      XL: |  1  2 |
---------------+-------+-----
Conjurations   | 2 |  2.4
Dodging        | |  2.4
Stealth        | |  2.0
Spellcasting   | |  2.2
Air Magic      | |  4.5

Action                   || total
-------------------------++-------
Melee: Kick              ||     5
       Unarmed           ||     1
       Whip              ||    26
       Peck              ||     2
 Cast: Shock             ||    30
  Use: Scroll            ||     2
       Potion            ||     1
 Stab: Sleeping          ||     1
Armor: Robe              ||    11
Dodge: Dodged            ||    22
